 Dungeon Crawl Stone Soup version 0.30.0-15-g856e2d3f33 (webtiles) character file.

Game seed: 12832480673403529543

4898 Sanktem7 the Cleaver (level 10, -2/90 HPs)
             Began as a Minotaur Fighter on May 20, 2023.
             Was a Follower of Okawaru.
             Slain by a wyvern (5 damage)
             ... on level 8 of the Dungeon.
             The game lasted 00:13:22 (6530 turns).

Sanktem7 the Cleaver (Minotaur Fighter)             Turns: 6530, Time: 00:13:24

Health: -2/90      AC: 17    Str: 25    XL:     10   Next: 27%
Magic:  9/9        EV:  7    Int:  5    God:    Okawaru [*.....]
Gold:   400        SH:  5    Dex: 10    Spells: 9/9 levels left

rFire   . . .        r - +2 war axe (freeze) {axe}
rCold   . . .        c - +0 buckler
rNeg    . . .        B - +0 plate armour
rPois   .            (helmet restricted)
rElec   .            b - +1 cloak
rCorr   .            L - +0 pair of gloves
SInv    .            (no boots)
Will    .....        G - amulet of regeneration {@e2} Stlth
                     (no ring)
HPRegen 1.15/turn    (no ring)
MPRegen 0.11/turn

%: no passive effects
@: no status effects
A: horns 2, retaliatory headbutt
a: Renounce Religion, Heroism


You were on level 8 of the Dungeon.
You worshipped Okawaru.
Okawaru was aware of your devotion.
You visited 2 branches of the dungeon, and saw 9 of its levels.

You collected 400 gold pieces.


Innate Abilities, Weirdness & Mutations

You have a pair of horns on your head.
You reflexively headbutt those who attack you in melee.


   Skills:
 + Level 8.4 Fighting
 * Level 11.1 Axes
 - Level 5.0 Throwing
 + Level 8.5 Armour
 + Level 8.5 Shields


You had 9 spell levels left.
You didn't know any spells.
Your spell library contained the following spells:

 Spells                   Type           Power      Damage    Failure   Level
 Slow                     Hex            0%         N/A       100%        1
 Blink                    Tloc           0%         N/A       100%        2
 Lesser Beckoning         Tloc           0%         N/A       100%        2
 Momentum Strike          Conj/Tloc      0%         3d8       100%        2
 Confusing Touch          Hex            0%         N/A       100%        3
 Stone Arrow              Conj/Erth      0%         3d7       100%        3
 Vampiric Draining        Necr           0%         2d6       100%        3
 Lehudib's Crystal Spear  Conj/Erth      0%         10d2      100%        8
 Animate Armour           Summ/Erth      Unusable   N/A       N/A         4

Inventory:

Hand Weapons
 r - a +2 war axe of freezing (weapon) {axe}
   (You took it off an orc on level 5 of the Dungeon)
 z - a +0 whip of flaming {mace}
   (You took it off Pikel on level 4 of the Dungeon)
Missiles
 e - 130 stones (quivered) {throwing}
 m - 10 boomerangs {throwing}
 n - 3 curare-tipped darts {=fthrowing}
 s - 6 silver boomerangs {throwing}
 x - 5 javelins {throwing}
 C - 21 poisoned darts {throwing}
Armour
 b - a +1 cloak (worn)
   (You found it on level 4 of the Dungeon)
 c - a +0 buckler (worn)
 B - a +0 plate armour (worn)
   (You found it on level 4 of the Dungeon)
 L - a +0 pair of gloves (worn)
   (You found it on level 7 of the Dungeon)
Magical Staves
 H - a staff of poison {!astaff}
   (You found it on level 8 of the Dungeon)
Jewellery
 G - an amulet of regeneration (around neck) {@e2}
   (You found it on level 5 of the Dungeon)
Wands
 I - a wand of light (10)
   (You found it on level 6 of the Dungeon)
 M - a wand of polymorph (12)
   (You found it on level 8 of the Dungeon)
Scrolls
 a - a scroll of blinking {unknown}
 f - 2 scrolls of noise {unknown}
 g - 2 scrolls of fog {unknown}
 t - 4 scrolls of teleportation {@r4}
 v - 3 scrolls of amnesia {unknown}
 w - a scroll of poison {!r}
 y - a scroll of immolation {unknown}
 E - 2 scrolls of silence {unknown}
 F - a scroll of torment {unknown}
 J - a scroll of vulnerability {unknown}
 K - a scroll of identify {@r1}
Potions
 d - 3 potions of might
 i - 2 potions of lignification {unknown}
 j - 2 potions of haste {@q3}
 k - 2 potions of flight
 l - 2 potions of resistance
 o - 8 potions of brilliance
 p - 2 potions of berserk rage {!q}
 q - 4 potions of heal wounds {unknown}
 u - a potion of attraction {unknown}
 A - 3 potions of mutation {unknown}
 D - a potion of magic {unknown}

Dungeon Overview and Level Annotations

Branches:
Dungeon (8/15) Zot: 26730  Temple (1/1) D:4 Zot: 5768
   Lair: D:8-11

Altars:
Ashenzari
Dithmenos
Elyvilon
Gozag
Hepliaklqana
Kikubaaqudgha
Nemelex Xobeh
Okawaru
Qazlal
Ru
Sif Muna
Trog
Uskayaw
Vehumet
Wu Jian
Xom
Yredelemnul
The Shining One

Annotations:
D:7 2 transporters, Strat's ghost, novice MeEE

#~..... #~....####
~#####~.......
~~ā‰ˆ~~~~........
...........#..##
#......g.#...#### #
##...............### ##
##..##.@Y......#....# #.
#.....lā€
y......#....###.
#.....ā€ .ā€
...............
##......................
...........##.##.....##.
..........####.......##.
........#...##.#.###.#..
...F....##..##.#...#....
........................


You could see a yak, a wyvern, a bullfrog (wandering), a killer bee and a
goblin.


Message History

You now have 89 max hp (+1).
You regained 2 hp, and now have 64/89 hp.
You hit the yak. You freeze the yak. You hit the yak but do no damage. x2
You slash the wyvern! You freeze the wyvern.
A killer bee comes into view.
You block the wyvern's attack. The yak barely misses you. The wyvern bites you.
You block the yak's attack. The yak gores you! šŸ˜® HP[-12]
You take 12 damage, and now have 52/89 hp.
You slash the yak! You freeze the yak. You headbutt the yak.
You kill the yak!
Okawaru accepts your kill.
You hit the wyvern. You freeze the wyvern. You hit the yak. You freeze the yak.
You hit the yak but do no damage. You block the wyvern's attack.
The yak gores you! The yak barely misses you.
Your Axes skill increases to level 11! šŸ˜® HP[-6]
You take 6 damage, and now have 46/89 hp.
The wyvern attacks as you move away!
The wyvern bites you but does no damage.
The killer bee closely misses you.
A goblin comes into view. It is wielding a +0 spear.
The wyvern bites you but does no damage.
The yak barely misses you.
You see here a yak corpse. šŸ˜® HP[+1]
The goblin shouts!
The killer bee barely misses you. The yak gores you.
* * * LOW HITPOINT WARNING * * *
šŸ˜Ø HP[-4]
You take 4 damage, and now have 43/89 hp.
You barely miss the killer bee. You headbutt the killer bee. You slash the yak!
You freeze the yak. You hit the wyvern but do no damage.
The killer bee stings you.
* * * LOW HITPOINT WARNING * * *
You are poisoned.
The killer bee poisons you!
The wyvern hisses menacingly.
The wyvern barely misses you. The killer bee closely misses you.
You furiously retaliate!
You headbutt the killer bee, but do no damage.
The wyvern bites you!
* * * LOW HITPOINT WARNING * * *
šŸ˜Ø HP[-12]
You take 12 damage, and now have 31/89 hp.
You miss the killer bee. Your headbutt misses the killer bee.
You closely miss the wyvern. You barely miss the yak. You slash the yak!
You freeze the yak.
You kill the yak!
Okawaru accepts your kill.
You feel sick. You block the killer bee's attack. The wyvern bites you.
* * * LOW HITPOINT WARNING * * *
The killer bee barely misses you. You block the killer bee's attack.
The yak gores you!
* * * LOW HITPOINT WARNING * * *
šŸ˜± HP[-11]
You now have 90 max hp (+1).
You take 11 damage, and now have 20/90 hp.
You miss the killer bee. You headbutt the killer bee. You hit the yak.
You freeze the yak. You closely miss the killer bee.
You barely miss the wyvern.
You feel sick. You block the killer bee's attack.
The killer bee stings you but does no damage.
The wyvern completely misses you. The killer bee stings you.
* * * LOW HITPOINT WARNING * * *
You are more poisoned.
The killer bee poisons you! You block the killer bee's attack.
The wyvern bites you.
* * * LOW HITPOINT WARNING * * *
The yak gores you.
* * * LOW HITPOINT WARNING * * *
šŸ˜± HP[-9]
You take 9 damage, and now have 11/90 hp.
You feel better.
The killer bee stings you but does no damage. x2
The wyvern bites you.
* * * LOW HITPOINT WARNING * * *
The goblin hits you but does no damage. The killer bee closely misses you.
The killer bee stings you.
* * * LOW HITPOINT WARNING * * *
The yak gores you.
* * * LOW HITPOINT WARNING * * *
šŸ˜± HP[-3]
You take 3 damage, and now have 8/90 hp.
You slice the killer bee!! You freeze the killer bee.
You kill the killer bee!
Okawaru accepts your kill.
You closely miss the wyvern. You barely miss the yak. You slash the killer bee!
You freeze the killer bee. The wyvern bites you.
* * * LOW HITPOINT WARNING * * *
The killer bee stings you but does no damage.
The goblin hits you but does no damage. The killer bee closely misses you.
The yak gores you but does no damage. The wyvern bites you.
* * * LOW HITPOINT WARNING * * *
šŸ˜± HP[-6]
You take 6 damage, and now have 2/90 hp.
You barely miss the yak. You barely miss the wyvern.
You closely miss the killer bee.
A bullfrog comes into view.
The killer bee closely misses you. The wyvern bites you.
You die...

Skill      XL: |  1  2  3  4  5  6  7  8  9 10 |
---------------+-------------------------------+-----
Axes           | 3 4 5 6 7 8 10 11 | 11.1
Shields        | 4 5 6 8 |  8.5
Armour         | 4 5 6 8 |  8.5
Fighting       | 4 5 6 8 |  8.4
Throwing       | 1 2 4 5 |  5.0

Action                     |  1- 3 |  4- 6 |  7- 9 | 10-12 || total
---------------------------+-------+-------+-------+-------++-------
  Melee: War axe           |    74 |   101 |   328 |    13 ||   516
         Headbutt          |    12 |    19 |    46 |     4 ||    81
    Use: Scroll            |       |       |    11 |       ||    11
         Potion            |       |       |     4 |     1 ||     5
 Armour: Scale mail        |    36 |    48 |     1 |       ||    85
         Plate armour      |       |       |   242 |    22 ||   264
  Dodge: Dodged            |    45 |    64 |   121 |    19 ||   249
  Block: Buckler           |    11 |    30 |   108 |     8 ||   157

Levels and vault maps discovered:
D:1:      dpeg_arrival_radiant, layout_basic
D:2:      layout_basic, shapermc_ecumenical_altar_mp_vishouse,
          kennysheep_generic_room_2, uniq_robin
D:3:      layout_basic
D:4:      layout_rooms, elyvilon_altar_5, temple_pool_b, uniq_natasha,
          uniq_pikel
D:5:      layout_loops_ring, lemuel_round_altar, lightli_church_of_beogh
D:6:      layout_cave_pools, mainiacjoe_overflow_six_doors_small,
          sigmund_edmund_badplayer
D:7:      layout_rooms, mainiacjoe_overflow_tiny_flanked, led_sif_pool,
          gammafunk_ghost_berserking_beasts, uniq_prince_ribbit1
D:8:      layout_cave_pools, xom_teletrap_fun, kennysheep_mini_moat,
          slow_altar_2, serial_park, serial_park_tiny_2, serial_park_gazebo
          [serial_park_minivault_5x5_6], serial_park_tiny_pond,
          serial_park_tiny_2, enter_bailey_3
Temple:   grunt_temple_mini_profane

Notes
Turn   | Place    | Note
-------+----------+-------------------------------------------
     0 | D:1      | Sanktem7 the Minotaur Fighter began the quest for the Orb.
     0 | D:1      | Reached XP level 1. HP: 19/19 MP: 0/0
     0 | D:1      | magus.rc [v1.9.6]
   215 | D:1      | Reached XP level 2. HP: 27/27 MP: 1/1
   396 | D:1      | Reached skill level 3 in Axes
   714 | D:2      | You pick up a book of Spatial Translocations and begin
                  | reading...
   714 | D:2      | You add the spells Blink, Momentum Strike and Lesser
                  | Beckoning to your library.
   723 | D:2      | Found a faded altar of an unknown god.
   794 | D:2      | Reached skill level 4 in Shields
   794 | D:2      | Reached XP level 3. HP: 25/33 MP: 2/2
   986 | D:2      | Reached skill level 4 in Armour
   998 | D:2      | Reached skill level 4 in Fighting
  1046 | D:2      | Noticed Robin
  1069 | D:2      | Killed Robin
  1186 | D:2      | Reached XP level 4. HP: 40/40 MP: 3/3
  1216 | D:2      | You pick up a book of Armaments and begin reading...
  1216 | D:2      | You add the spells Stone Arrow, Animate Armour and
                  | Lehudib's Crystal Spear to your library.
  1572 | D:3      | Reached skill level 4 in Axes
  2235 | D:3      | Reached XP level 5. HP: 46/47 MP: 4/4
  2424 | D:4      | Noticed a phantom
  2434 | D:4      | Noticed a phantom
  2441 | D:4      | Killed a phantom
  2442 | D:4      | Reached skill level 1 in Throwing
  2455 | D:4      | Killed a phantom
  2456 | D:4      | Reached skill level 5 in Axes
  2456 | D:4      | Reached XP level 6. HP: 35/55 MP: 5/5
  2561 | D:4      | Found a staircase to the Ecumenical Temple.
  2571 | D:4      | Noticed Pikel
  2590 | D:4      | Killed Pikel
  2591 | D:4      | Reached skill level 5 in Fighting
  2591 | D:4      | Reached skill level 6 in Axes
  2591 | D:4      | Reached skill level 2 in Throwing
  2591 | D:4      | Reached skill level 5 in Armour
  2591 | D:4      | Reached skill level 5 in Shields
  2591 | D:4      | Reached XP level 7. HP: 18/61 MP: 6/6
  2840 | D:4      | Noticed Natasha
  2848 | D:4      | Killed Natasha
  2919 | D:4      | Noticed Natasha
  2930 | D:4      | Killed Natasha
  2937 | D:4      | Noticed Natasha
  2944 | D:4      | Killed Natasha
  2965 | Temple   | Entered the Ecumenical Temple
  3226 | D:4      | Found a white marble altar of Elyvilon.
  3391 | D:5      | Entered Level 5 of the Dungeon
  3552 | D:5      | Reached skill level 7 in Axes
  3552 | D:5      | Reached skill level 6 in Shields
  3552 | D:5      | Reached XP level 8. HP: 64/70 MP: 7/7
  3618 | D:5      | You pick up a book of Debilitation and begin reading...
  3618 | D:5      | You add the spells Slow, Vampiric Draining and Confusing
                  | Touch to your library.
  3882 | D:5      | Reached skill level 6 in Fighting
  3882 | D:5      | Reached skill level 3 in Throwing
  3882 | D:5      | Reached skill level 6 in Armour
  4000 | D:5      | Found a basalt altar of Yredelemnul.
  4121 | D:5      | HP: 13/70 [ogre/+0 giant club (13)]
  4394 | D:5      | Found a runed translucent door.
  4557 | D:5      | HP: 16/71 [orc wizard/+2 dagger of venom (2)]
  4560 | D:5      | HP: 7/71 [poisoned by an orc wizard]
  4565 | D:5      | HP: 8/71 [poisoned by an orc wizard]
  4571 | D:5      | HP: 14/71 [something/puff of flame (12)]
  4577 | D:5      | HP: 17/71 [something (3)]
  4582 | D:5      | HP: 10/71 [poisoned by an orc wizard]
  4587 | D:5      | HP: 6/71 [something (4)]
  4701 | D:5      | Reached skill level 8 in Axes
  5082 | D:6      | Reached skill level 4 in Throwing
  5097 | D:6      | Reached XP level 9. HP: 64/78 MP: 8/8
  5153 | D:6      | Reached skill level 7 in Armour
  5153 | D:6      | Reached skill level 7 in Shields
  5219 | D:6      | Reached skill level 7 in Fighting
  5224 | D:6      | Identified the +2 leather armour of the Cricket {rCorr
                  | Dex+2}
  5236 | D:6      | Found a sparkling altar of Nemelex Xobeh.
  5461 | D:6      | Noticed Sigmund
  5470 | D:6      | Killed Sigmund
  5471 | D:6      | Reached skill level 9 in Axes
  5493 | D:6      | Noticed Edmund
  5505 | D:6      | Killed Edmund
  5559 | D:7      | Noticed Prince Ribbit
  5563 | D:7      | Noticed Strat's ghost (novice MeEE)
  5566 | D:7      | Noticed a moth of wrath
  5569 | D:7      | Killed Prince Ribbit
  5706 | D:7      | Found a transporter.
  5759 | D:7      | Found a shimmering blue altar of Sif Muna.
  5817 | D:7      | Found a transporter.
  5848 | D:7      | Reached skill level 5 in Throwing
  5858 | D:7      | Reached skill level 10 in Axes
  5968 | D:7      | Found a stormy altar of Qazlal.
  5982 | D:7      | HP: 18/80 [sky beast (6)]
  6148 | D:7      | Identified the +3 short sword of Tiabaq {vamp, Drain rC++
                  | rCorr SInv}
  6273 | D:8      | Reached skill level 8 in Shields
  6360 | D:8      | Reached skill level 8 in Armour
  6448 | D:8      | Found an iron altar of Okawaru.
  6454 | D:8      | Became a worshipper of Warmaster Okawaru
  6464 | D:8      | Found a shimmering altar of Xom.
  6512 | D:8      | Reached skill level 8 in Fighting
  6515 | D:8      | Reached XP level 10. HP: 76/88 MP: 9/9
  6518 | D:8      | Reached * piety under Okawaru
  6523 | D:8      | Reached skill level 11 in Axes
  6526 | D:8      | HP: 20/89 [yak (7)]
  6528 | D:8      | HP: 8/90 [yak (3)]
  6529 | D:8      | HP: 2/90 [wyvern (4)]
  6530 | D:8      | Slain by a wyvern

Vanquished Creatures
  Pikel (D:4)
  Prince Ribbit (D:7)
  8 yaks (D:8)
  Sigmund (D:6)
  Edmund (D:6)
  2 orc warriors
  An ice beast (D:7)
  4 black bears
  2 sky beasts
  2 ogres (D:5)
  2 centaurs (D:7)
  2 lemures (D:4)
  2 phantoms (D:4)
  4 kobold brigands
  3 bullfrogs
  2 scorpions (D:6)
  A killer bee (D:8)
  A howler monkey (D:5)
  3 hounds
  2 orc priests
  A jelly (D:5)
  2 sleepcaps
  Natasha (thrice) (D:4)
  5 iguanas
  6 orc wizards
  Robin (D:2)
  3 gnolls (D:7)
  9 adders
  A white imp (D:6)
  2 ufetubi
  A worm (D:2)
  2 dart slugs
  40 orcs
  8 ball pythons
  4 bats
  8 endoplasms
  11 goblins
  16 hobgoblins
  3 jackals (D:4)
  25 kobolds
  A quokka (D:5)
  2 frilled lizards
  6 rats
205 creatures vanquished.

Table legend:
 A = Non-vault XP
 B = Vault XP
 C = Vault XP percentage of total XP
 D = Non-vault monster count
 E = Vault monster count
 F = Vault count percentage of total count
                 A         B        C        D         E       F
            +---------+---------+-------+---------+---------+-------
      Total |    5328 |    1670 |  23.9 |     162 |      41 |  20.2
            +---------+---------+-------+---------+---------+-------
        D:1 |      23 |       0 |   0.0 |      14 |       0 |   0.0
        D:2 |      53 |      40 |  43.0 |      16 |      14 |  46.7
        D:3 |      85 |       0 |   0.0 |      24 |       0 |   0.0
        D:4 |     373 |     669 |  64.2 |      20 |       3 |  13.0
        D:5 |     757 |     295 |  28.0 |      16 |      21 |  56.8
        D:6 |     888 |     380 |  30.0 |      17 |       2 |  10.5
        D:7 |    1138 |     286 |  20.1 |      31 |       1 |   3.1
        D:8 |    2011 |       0 |   0.0 |      24 |       0 |   0.0
            +---------+---------+-------+---------+---------+-------

Skill      XL: |  1  2  3  4  5  6  7  8  9 10 |
---------------+-------------------------------+-----
Axes           | 3 4 5 6 7 8 10 11 | 11.1
Shields        | 4 5 6 8 |  8.5
Armour         | 4 5 6 8 |  8.5
Fighting       | 4 5 6 8 |  8.4
Throwing       | 1 2 4 5 |  5.0

Action                     |  1- 3 |  4- 6 |  7- 9 | 10-12 || total
---------------------------+-------+-------+-------+-------++-------
  Melee: War axe           |    74 |   101 |   328 |    13 ||   516
         Headbutt          |    12 |    19 |    46 |     4 ||    81
    Use: Scroll            |       |       |    11 |       ||    11
         Potion            |       |       |     4 |     1 ||     5
 Armour: Scale mail        |    36 |    48 |     1 |       ||    85
         Plate armour      |       |       |   242 |    22 ||   264
  Dodge: Dodged            |    45 |    64 |   121 |    19 ||   249
  Block: Buckler           |    11 |    30 |   108 |     8 ||   157

Illustrated notes

Table legend:
 A = Kills in this place as a percentage of kills in the entire game.
 B = Kills by you in this place as a percentage of kills by you in the entire game.
 C = Kills by friends in this place as a percentage of kills by friends in the entire game.
 D = Other kills in this place as a percentage of other kills in the entire game.
 E = Experience gained in this place as a percentage of experience gained in the entire game.
 F = Experience gained in this place divided by the number of levels of this place that you have seen.
                   A       B       C       D       E      F
               +-------+-------+-------+-------+-------+----------------------
         Total | 100.0 | 100.0 |   N/A |   N/A | 100.0 | 777.6
       Dungeon | 100.0 | 100.0 |   N/A |   N/A | 100.0 | 874.8
               +-------+-------+-------+-------+-------+----------------------

Table legend: (Time is in decaauts)
 A = Elapsed time spent in this place.
 B = Non-inter-level travel time spent in this place.
 C = Inter-level travel time spent in this place.
 D = Time resting spent in this place.
 E = Time spent auto-exploring this place.
 F = Levels seen in this place.
 G = Mean time per level.
                   A        B        C        D        E       F      G
               +--------+--------+--------+--------+--------+-----+--------+
         Total |   6635 |   6452 |    183 |     48 |   5075 |   9 |  737.2 |
       Dungeon |   6403 |   6272 |    131 |     48 |   4904 |   8 |  800.4 |
        Temple |    231 |    179 |     52 |      0 |    171 |   1 |  231.0 |
               +--------+--------+--------+--------+--------+-----+--------+

Top non-repeatable levels by time:
     D:5: 1456 daAuts
     D:3: 889 daAuts
     D:2: 865 daAuts
     D:4: 825 daAuts
     D:1: 713 daAuts
     D:7: 705 daAuts
     D:6: 679 daAuts
     D:8: 268 daAuts
  Temple: 231 daAuts
